Map: 暮色之塔

Players

EliteMarine

  • Race: Terran Terran
  • League: Platinum

shengy - Winner!

  • Race: Zerg Zerg
  • League: Platinum

VOD

Have the link to the VOD?

Description

Time

  • Played on: Dec. 26, 2015, 1:58 a.m.
  • Length: 15:06
Show
View Real Time Build Order
Export as new Build Order

EliteMarine Terran 

Build Orders: Hellion Banshee, MMM Bio 

Get SALT Encoding   

  12  0:00  SCV  
  13  0:13  SCV  
  14  0:18  Supply Depot  
  14  0:25  SCV  
  15  0:29  Refinery  
  15  0:39  SCV  
  16  0:46  Barracks  
  16  0:51  SCV  
  17  1:03  Supply Depot  
  17  1:04  SCV  
  18  1:16  SCV  
  19  1:26  Refinery  
  19  1:28  SCV  
  20  1:35  Marine  
  21  1:40  Factory  
  21  1:41  SCV  
  22  1:54  SCV  
  23  2:01  Barracks Reactor  
  23  2:07  Orbital Command  
  23  2:30  Starport  
  23  2:35  Supply Depot  
  23  2:45  Hellion x2  
  23  2:48  Barracks Reactor  
  27  2:52  SCV  
  27  2:58  Supply Depot  
  28  3:04  SCV  
  29  3:07  Hellion x2  
  33  3:16  SCV  
  34  3:23  Starport Tech Lab  
  34  3:24  Marine x2  
  36  3:28  Hellion, SCV  
  36  3:32  Supply Depot  
  39  3:40  SCV  
  40  3:52  Banshee  
  40  3:53  SCV  
  44  4:05  SCV  
  44  4:07  Command Center  
  45  4:12  Hellion  
  47  4:17  SCV  
  47  4:18  Supply Depot  
  48  4:25  Armory  
  48  4:27  Marine x2  
  50  4:36  Supply Depot  
  50  4:50  Barracks  
  50  4:56  SCV  
  50  4:59  Supply Depot  
  51  5:04  Barracks  
  51  5:08  Starport Reactor  
  51  5:12  Marine x2  
  53  5:30  Marine x2  
  55  5:48  Marine x2  
  55  5:49  Barracks Reactor  
  57  5:51  Factory Tech Lab  
  57  5:52  Medivac x2  
  57  5:55  Stimpack  
  61  5:57  Orbital Command  
  61  6:06  Refinery, Marauder, Marine x2  
  65  6:20  Barracks  
  65  6:23  Marine  
  65  6:24  Marine  
  67  6:27  Marauder, Marine  
  67  6:28  Marine  
  71  6:39  Siege Tank  
  74  6:41  Marine  
  75  6:49  Marauder  
  77  7:01  Marine x4  
  81  7:09  SCV x2  
  81  7:10  Marauder  
  81  7:11  Siege Tank  
  88  7:21  SCV  
  89  7:26  Marine x4  
  89  7:27  Marine  
  94  7:31  Supply Depot  
  94  7:36  Marauder  
  96  7:43  Siege Tank  
  99  7:46  Marine x3  
  102  7:52  Medivac, Marine x3  
  102  7:55  Combat Shields  
  102  7:57  Marauder  
  89  8:03  Marine  
  89  8:04  Marine  
  85  8:06  Marine  
  85  8:10  Marine x2  
  88  8:14  Marine  
  88  8:15  Siege Tank  
  88  8:18  Medivac  
  88  8:19  Marauder  
  96  8:21  Marine  
  97  8:30  Marine x2  
  99  8:40  Marauder  
  101  8:54  Marine x3  
  104  9:00  Siege Tank  
  104  9:02  Marauder  
  109  9:06  Marine  
  110  9:19  Marine x2  
  110  9:23  Marauder  
  114  9:33  Command Center  
  114  9:44  Marauder  
  102  10:00  Marine  
  102  10:01  Marine x3  
  102  10:06  Marauder  
  106  10:07  Medivac x2  
  106  10:08  Engineering Bay  
  106  10:09  Engineering Bay  
  108  10:23  Marine x2  
  110  10:29  Marine x2  
  110  10:30  Marine  
  109  10:50  Marine x2  
  109  10:51  Marine  
  112  10:57  Marine x2  
  112  10:58  Orbital Command  
  112  10:59  Marine  
  112  11:01  Marine  
  112  11:08  Marine x3  
  100  11:18  Marine x2  
  95  11:19  Marine  
  95  11:20  Marine  
  79  11:34  SCV x3  
  79  11:41  Missile Turret  
  79  11:42  Missile Turret, Marine x4  
  79  11:46  SCV  
  83  11:51  SCV  
  70  12:02  Marine x2  
  70  12:03  Marine x2  
  72  12:08  Missile Turret  
  72  12:13  Missile Turret  
  72  12:15  Missile Turret  
  71  12:19  Siege Tank  
  73  12:25  SCV x3  
  73  12:37  Missile Turret x2  
  73  12:41  Terran Infantry Weapons Level 1  
  73  12:43  Terran Infantry Armor Level 1  
  73  12:51  Siege Tank  
  76  12:57  Missile Turret  
  73  13:00  Missile Turret, SCV x3  
  76  13:09  Marine x2  
  76  13:11  Marine  
  76  13:12  SCV x2  
  81  13:19  Marine  
  81  13:20  Marine  
  81  13:23  Siege Tank  
Show
View Real Time Build Order
Export as new Build Order

shengy Zerg - Winner!

Build Orders: Hatch First, Muta Ling Bane 

Get SALT Encoding   

  12  0:01  Drone  
  13  0:08  Drone  
  14  0:17  Overlord  
  14  0:35  Drone x3  
  17  0:47  Drone  
  18  0:57  Hatchery  
  18  1:02  Drone  
  18  1:15  Spawning Pool  
  18  1:17  Drone  
  18  1:20  Drone  
  18  1:22  Extractor  
  18  1:30  Drone  
  19  1:39  Overlord  
  19  1:51  Drone  
  20  2:01  Queen  
  20  2:06  Zergling x2  
  23  2:11  Queen  
  23  2:13  Drone x2  
  27  2:20  Drone  
  28  2:23  Metabolic Boost  
  28  2:26  Zergling x2  
  29  2:33  Overlord  
  29  2:34  Drone  
  30  2:40  Queen  
  30  2:43  Drone  
  33  2:59  Roach Warren  
  33  3:05  Drone x2  
  34  3:09  Extractor  
  34  3:12  Lair  
  33  3:13  Drone x2  
  33  3:16  Drone x2  
  36  3:31  Overlord  
  36  3:38  Overlord  
  36  3:56  Overlord  
  36  3:57  Roach  
  36  3:58  Roach x6  
  49  4:08  Drone  
  50  4:10  Baneling Nest, Extractor  
  50  4:13  Drone x3  
  50  4:15  Overlord  
  51  4:35  Drone x4  
  51  4:37  Drone x2  
  57  4:39  Overseer, Extractor  
  57  4:45  Drone x4  
  59  4:49  Glial Reconstitution  
  60  5:03  Evolution Chamber  
  60  5:05  Evolution Chamber  
  58  5:11  Overlord  
  58  5:13  Spore Crawler  
  55  5:26  Queen  
  55  5:27  Drone x3  
  57  5:29  Drone  
  57  5:35  Drone x3  
  60  5:39  Spore Crawler, Drone  
  60  5:40  Drone x3  
  60  5:41  Overlord  
  63  5:47  Roach x2  
  67  6:02  Centrifical Hooks  
  67  6:12  Overlord  
  67  6:14  Drone  
  67  6:15  Drone  
  69  6:19  Extractor  
  69  6:20  Hatchery, Drone  
  69  6:21  Spine Crawler  
  69  6:23  Extractor  
  66  6:27  Zerg Ground Armor Level 1  
  66  6:38  Overlord x2  
  66  6:44  Spire  
  65  6:52  Zergling x2  
  65  6:53  Zergling x12  
  72  7:03  Ravager x2  
  72  7:04  Ravager x7  
  81  7:14  Baneling x3  
  81  7:15  Baneling x11  
  81  7:16  Zergling x2  
  81  7:22  Zerg Melee Weapons Level 1  
  82  7:25  Zergling x6  
  85  7:34  Zergling x10  
  90  7:37  Overseer  
  90  7:39  Overseer  
  79  8:06  Zergling x20  
  79  8:07  Zergling x4  
  89  8:27  Drone  
  89  8:28  Drone x3  
  89  8:29  Drone x2  
  95  8:39  Spore Crawler  
  95  8:40  Overlord  
  94  8:49  Drone  
  94  8:53  Overlord  
  95  8:56  Baneling x3  
  95  8:57  Baneling x6  
  95  8:58  Baneling x2  
  95  9:24  Mutalisk x9  
  95  9:25  Mutalisk x2  
  117  9:48  Extractor  
  117  9:49  Hatchery  
  111  9:56  Extractor  
  110  10:09  Mutalisk  
  110  10:10  Mutalisk x6  
  118  10:26  Baneling x6  
  118  10:27  Baneling  
  116  10:29  Mutalisk  
  116  10:30  Roach  
  104  10:57  Zergling x2  
  104  10:58  Zergling x20  
  85  11:22  Zergling x16  
  90  11:29  Zergling x2  
  90  11:30  Zergling x12  
  97  11:51  Baneling  
  97  11:52  Baneling x15  
  97  12:01  Zergling x26  
  108  12:14  Infestation Pit  
  108  12:15  Drone x3  
  110  12:41  Zergling x14  
  117  12:45  Queen  
  119  12:58  Overlord x3  
  119  13:04  Baneling  
  119  13:05  Baneling x18  
  119  13:06  Baneling x8  
  119  13:29  Hatchery  
  118  13:31  Extractor  
  118  14:03  Mutalisk x9  
  118  14:19  Overlord  
  118  14:20  Overlord  
  118  14:49  Drone x2  
  118  14:50  Drone x7  
Tags
 
Add a new tag
Caveats
  • Supply blocks, unpowered buildings, or Contaminate may cause inaccurate times.
  • Supply counts are checked every 10 seconds.